 Dungeon Crawl Stone Soup version 0.30-a0-622-gddc90eaa04 (webtiles) character file.

Game seed: 4106812495466981536

26 Leeroy the Ducker (level 3, -4/27 HPs)
             Began as a Merfolk Gladiator on Jan 10, 2023.
             Slain by an orc priest
             ... wielding a +0 flail
              (8 damage)
             ... on level 2 of the Dungeon.
             The game lasted 00:01:25 (927 turns).

Leeroy the Ducker (Merfolk Gladiator)                Turns: 927, Time: 00:01:26

Health: -4/27      AC:  5    Str: 14    XL:     3   Next: 8%
Magic:  3/3        EV: 14    Int:  7    God:
Gold:   52         SH:  0    Dex: 17    Spells: 2/2 levels left

rFire   . . .      SeeInvis .    a - +0 long sword
rCold   . . .      Faith    .    (no shield)
rNeg    . . .      Spirit   .    b - +0 leather armour
rPois   .          Reflect  .    c - +0 helmet
rElec   .          Harm     .    (no cloak)
rCorr   .          Rampage  .    j - +0 pair of gloves
Will    .....                    (no boots)
Stlth   +                        (no amulet)
HPRegen 0.24/turn                (no ring)
MPRegen 0.08/turn                (no ring)

@: no status effects
A: (nimble swimmer 2), mertail
a: no special abilities


You were on level 2 of the Dungeon.
You visited 1 branch of the dungeon, and saw 2 of its levels.

You collected 52 gold pieces.

Inventory:

Hand Weapons
 a - a +0 long sword (weapon)
Missiles
 d - 2 throwing nets (quivered)
 e - a javelin
Armour
 b - a +0 leather armour (worn)
 c - a +0 helmet (worn)
 j - a +0 pair of gloves (worn)
 l - a scarf of harm
Scrolls
 g - a scroll of enchant armour {unknown}
 h - a scroll of teleportation {unknown}
 i - 2 scrolls of immolation {unknown}
Potions
 f - a potion of might {unknown}
 k - a potion of heal wounds {unknown}


   Skills:
 - Level 2.1 Fighting
 - Level 3.6 Long Blades
 - Level 2.0 Throwing
 + Level 5.5 Dodging


You had 2 spell levels left.
You didn't know any spells.
Your spell library was empty.

Dungeon Overview and Level Annotations

Branches:
Dungeon (2/15)

Altars:

Shops:
D:1 [   D:2 ([!


Innate Abilities, Weirdness & Mutations

((You are very nimble when in or above water. (Stealth+, EV+, Speed+++)))
Your lower body shifts to a powerful aquatic tail in water.


Message History

You hit the orc.
The orc is lightly wounded.
The orc hits you but does no damage. x3; The orc closely misses you.
The orc priest calls down the wrath of Beogh upon you.
Pain shoots through your body! The orc barely misses you.
You are too injured to fight recklessly!
You are too injured to fight recklessly!
You are too injured to fight recklessly!
You are too injured to fight recklessly!
You are too injured to fight recklessly!
You are too injured to fight recklessly!
You barely miss the orc. The orc hits you but does no damage. x2
The orc misses you.
You hit the orc.
The orc is heavily wounded.
The orc closely misses you. The orc hits you with a +0 dagger.
* * * LOW HITPOINT WARNING * * *
The orc hits you with a +0 dagger.
* * * LOW HITPOINT WARNING * * *
The orc completely misses you. The orc priest barely misses you.
You hit the orc priest.
The orc priest is lightly wounded.
The orc hits you with a +0 hand axe.
* * * LOW HITPOINT WARNING * * *
The orc closely misses you. The orc hits you but does no damage.
The orc closely misses you.
The orc priest casts a cantrip, but nothing happens.
You hit the orc priest.
You punch the orc priest, but do no damage.
The orc priest is heavily wounded.
The orc hits you with a +0 hand axe.
* * * LOW HITPOINT WARNING * * *
The orc hits you but does no damage. The orc closely misses you.
The orc priest completely misses you. The orc hits you but does no damage.
You hit the orc priest but do no damage.
The orc priest is heavily wounded.
The orc closely misses you. The orc hits you but does no damage.
The orc misses you.
The orc priest hits you with a +0 flail!
You die...

#.# #### #.# .... #.###
#### #### #.#.. ..#
#.... ########.# #...(
#........######### #)...
# ..#...#oo........#
#.... #
......o@.........# #....
#
......oo.........###....
#
.................#......
# #
..#...#............#.###
# .#
#................###.#
####.#
########.####..#####.###
.....#
...#....##.......#
.....#
##...#####.......#
.....# # #.......#


You could see an orc priest and 4 orcs.

Vanquished Creatures
  A dart slug (D:2)
  A ball python (D:1)
  2 endoplasms
  2 hobgoblins
  4 jackals (D:1)
  3 bats
  3 goblins
  2 kobolds
  2 rats
  A spectral kobold (D:1)
21 creatures vanquished.

Notes
Turn   | Place    | Note
-------+----------+-------------------------------------------
     0 | D:1      | Leeroy the Merfolk Gladiator began the quest for the Orb.
     0 | D:1      | Reached XP level 1. HP: 16/16 MP: 1/1
    78 | D:1      | Found Uriroh's Antique Armour Shoppe.
   133 | D:1      | Reached XP level 2. HP: 13/22 MP: 2/2
   239 | D:1      | Reached skill level 5 in Dodging
   264 | D:1      | Found a faded altar of an unknown god.
   726 | D:2      | Found Serafol's Antique Weapon Shoppe.
   763 | D:2      | Found Kohobuf's Antique Armour Shoppe.
   786 | D:2      | Reached XP level 3. HP: 27/27 MP: 3/3
   805 | D:2      | Found Fapnuac's Distillery.
   927 | D:2      | Slain by an orc priest

Illustrated notes

Levels and vault maps discovered:
D:1:      dpeg_arrival_concentric_ovals, layout_basic,
          dreamdust_ecumenical_altar_drowned_temple, serial_shops,
          nicolae_diamond_shop, interstate_on_off
D:2:      cheibrodos_pilgrimage, layout_basic, serial_shops,
          nicolae_shop_crystal, nicolae_shop_hallway_stairs,
          nicolae_shop_crystal, shop

Skill      XL: |  1  2 |
---------------+-------+-----
Dodging        | 5 |  5.5
Fighting       | |  2.1
Long Blades    | |  3.6
Throwing       | |  2.0

Action                   || total
-------------------------++-------
Melee: Long sword        ||    69
       Punch             ||     1
Throw: Throwing net      ||     1
Armor: Leather armour    ||    43
Dodge: Dodged            ||    72

Table legend: (Time is in decaauts)
 A = Elapsed time spent in this place.
 B = Non-inter-level travel time spent in this place.
 C = Inter-level travel time spent in this place.
 D = Time resting spent in this place.
 E = Time spent auto-exploring this place.
 F = Levels seen in this place.
 G = Mean time per level.
                   A        B        C        D        E       F      G
               +--------+--------+--------+--------+--------+-----+--------+
         Total |    936 |    936 |      0 |      0 |    740 |   2 |  468.0 |
       Dungeon |    936 |    936 |      0 |      0 |    740 |   2 |  468.0 |
               +--------+--------+--------+--------+--------+-----+--------+

Top non-repeatable levels by time:
     D:1: 712 daAuts
     D:2: 224 daAuts
